cohdb
Replays
Latest Replays
All Replays
Popular Replays
Top Player Replays
Match Explorer
How It Works
Community
CoH3 Stats
Reddit
Sign in to upload your games and track your stats! →
Sign in with Steam
Match 28131605
Unlisted
Match 28131605
Overview
Messages
Build Orders
End
Kettenkrad Recon Vehicle
Construct Infanterie Kompanie
MG 42 Machine Gun Team
Selects Luftwaffe Battlegroup
Selects Luftwaffe Pioneer Support
Grenadier Squad
Construct Panzergrenadier Kompanie
Selects LG40 Recoilless Gun Paradrop
Medical Bunker
Panzergrenadier Squad
Pioneer Squad
Panzergrenadier Squad
Panzergrenadier Squad
Pak 40 Anti-tank Gun Team
Pak 40 Anti-tank Gun Team
DIV 250 BigBoss
^3
RAF1K
xqzmy
0
0
Comments
sign in to comment!
No comments posted yet!